 Dungeon Crawl Stone Soup version 0.17-a0-627-g5cb7d3e (console) character file.

26817 Fusha the Covert (level 13, -7/71 HPs)
             Began as an Octopode Wizard on Apr 16, 2015.
             Was the Champion of Sif Muna.
             Mangled by a six-headed hydra (15 damage)
             ... on level 5 of the Lair of Beasts.
             The game lasted 02:26:43 (28116 turns).

Fusha the Covert (Octopode Wizard)                 Turns: 28116, Time: 02:26:44

Health: -7/71      AC:  2    Str: 11    XL:     13   Next: 28%
Magic:  3/24       EV: 15    Int: 28    God:    Sif Muna [******]
Gold:   724        SH:  0    Dex: 11    Spells: 8 memorised, 2 levels left

rFire  . . .     SeeInvis +     n - +5 quarterstaff "Viekom" {flame, Int+4}
rCold  . . .     Clarity  .     (no shield)
rNeg   . . .     SustAb   .     b - +1 hat
rPois  +         Gourm    .     (no amulet)
rElec  .         Spirit   .     k - ring of flight
rCorr  .         Warding  .     r - ring of poison resistance
rMut   .         Stasis   .     q - ring of see invisible
MR     .....                    T - ring of invisibility
Stlth  ++++++....               U - ring of wizardry
                                W - +4 ring of strength
                                (no ring)
                                (no ring)

@: about to teleport, deflect missiles, not resistant to hostile enchantments,
very stealthy
A: almost no armour, amphibious, 8 rings, constrict 8, camouflage 1, gelatinous
body 1
a: Channel Energy, Forget Spell, Renounce Religion, Evoke Invisibility, Evoke
Flight


You were on level 5 of the Lair of Beasts.
You worshipped Sif Muna.
Sif Muna was exalted by your worship.
You were not hungry.

You visited 3 branches of the dungeon, and saw 15 of its levels.
You also visited: Labyrinth, Sewer, Ossuary and Ice Cave.

You collected 836 gold pieces.
You spent 112 gold pieces at shops.

Inventory:

Hand weapons
 n - the +5 quarterstaff "Viekom" (weapon) {flame, Int+4}
   (You took it off a centaur on level 9 of the Dungeon)

   It has been specially enchanted to burn those struck by it, causing extra
   injury to most foes and up to half again as much damage against particularly
   susceptible opponents.
   It affects your intelligence (+4).
 A - the +1 blowgun of Vajuki {evade, MR+++ Str-5 SInv}
   (You found it in a labyrinth)

   It affects your evasion (+5 to EV).
   It affects your strength (-5).
   It affects your resistance to hostile enchantments.
   It enhances your eyesight.
Missiles
 h - 2 throwing nets (quivered)
Armour
 b - a +1 hat (worn)
Magical staves
 u - a cursed staff of earth
Jewellery
 e - an uncursed ring of ice
 k - a ring of flight (left tentacle)
 q - a ring of see invisible (on tentacle)
 r - a ring of poison resistance (right tentacle)
 N - the ring "Uwuja" {rN+ Str+5 Int-4 SInv}
   (You found it on level 8 of the Dungeon)

   [ring of strength]

   It affects your strength (+5).
   It affects your intelligence (-4).
   It protects you from negative energy.
   It enhances your eyesight.
 T - a ring of invisibility (on tentacle)
 U - a ring of wizardry (on tentacle)
 W - a +4 ring of strength (on tentacle)
Magical devices
 G - a wand of teleportation (0)
 M - a wand of disintegration (3)
 Q - a wand of teleportation (4)
 R - a wand of frost (11)
 S - a wand of lightning (0)
 X - a wand of fireball (0)
 Y - a wand of random effects (12)
Scrolls
 a - 2 scrolls of fear {unknown}
 f - a scroll of brand weapon {unknown}
 g - 4 scrolls of magic mapping
 i - 6 scrolls of remove curse
 l - 2 scrolls of immolation {unknown}
 s - 4 scrolls of amnesia {unknown}
 v - a scroll of teleportation
 y - 3 scrolls of recharging {unknown}
 E - 2 scrolls of random uselessness {unknown}
 K - a scroll of silence {unknown}
 V - a scroll of summoning {unknown}
Potions
 d - a potion of berserk rage {unknown}
 j - 3 potions of agility {unknown}
 m - 6 potions of might
 o - 4 potions of haste
 t - a potion of mutation
 x - a potion of ambrosia
 B - 5 potions of restore abilities
 D - 3 potions of magic
 F - 2 potions of invisibility
 I - a potion of resistance
 P - 2 potions of heal wounds
Books
 c - a book of Minor Magic

   Spells                             Type                      Level
   a - Magic Dart                     Conjuration                  1
   b - Blink                          Translocation                2
   c - Call Imp                       Summoning                    2
   d - Repel Missiles                 Charms/Air                   2
   e - Slow                           Hexes                        2
   f - Conjure Flame                  Conjuration/Fire             3
   g - Mephitic Cloud                 Conjuration/Poison/Air       3
 C - a book of Enchantments

   Spells                             Type                      Level
   a - Cause Fear                     Hexes                        4
   b - Silence                        Hexes/Air                    5
   c - Deflect Missiles               Charms/Air                   6
   d - Haste                          Charms                       6
   e - Discord                        Hexes                        8
 J - a book of the Sky

   Spells                             Type                      Level
   a - Flight                         Charms/Air                   3
   b - Airstrike                      Air                          4
   c - Silence                        Hexes/Air                    5
   d - Deflect Missiles               Charms/Air                   6
   e - Conjure Ball Lightning         Conjuration/Air              6
   f - Tornado                        Air                          9
 L - a book of Unlife

   Spells                             Type                      Level
   a - Recall                         Summoning/Translocation      3
   b - Animate Dead                   Necromancy                   4
   c - Control Undead                 Necromancy                   4
   d - Cigotuvi's Embrace             Necromancy                   5
   e - Death Channel                  Necromancy                   6
   f - Simulacrum                     Ice/Necromancy               6
 O - Iskenderun's Papyrus of Combat Magic {god gift}
   (Sif Muna gifted it to you on level 4 of the Lair of Beasts)

   Spells                             Type                      Level
   a - Static Discharge               Conjuration/Air              3
   b - Irradiate                      Conjuration/Transmutation    5
   c - Poison Arrow                   Conjuration/Poison           6
   d - Poisonous Cloud                Conjuration/Poison/Air       6
Comestibles
 p - 9 bread rations


   Skills:
 + Level 5.6 Staves
 + Level 8.1 Dodging
 + Level 11.0 Stealth
 + Level 7.9 Spellcasting
 - Level 7.0 Conjurations
 - Level 9.0 Charms
   Level 1.0 Summonings
 - Level 1.0 Translocations
 * Level 10.3 Air Magic
 - Level 5.0 Poison Magic
 + Level 4.3 Invocations
 + Level 3.8 Evocations


You had 2 spell levels left.
You knew the following spells:

 Your Spells              Type           Power        Failure   Level  Hunger
a - Magic Dart            Conj           ####         1%          1    None
b - Blink                 Tloc           N/A          3%          2    None
c - Mephitic Cloud        Conj/Pois/Air  ######..     1%          3    None
d - Conjure Flame         Conj/Fire      ####....     1%          3    None
e - Repel Missiles        Chrm/Air       ######       1%          2    None
f - Deflect Missiles      Chrm/Air       ######....   7%          6    ######.
s - Airstrike             Air            ######....   1%          4    ##.....
z - Animate Dead          Necr           N/A          32%         4    ##.....


Dungeon Overview and Level Annotations

Branches:
Dungeon (9/15)             Temple (1/1) D:6            Lair (5/8) D:9
 Shoals (0/5) Lair:4
  Snake: Lair:3-6    Spider: Lair:3-6       Orc: D:9-12

Altars:
Ashenzari
Cheibriados
Dithmenos
Elyvilon
Fedhas
Gozag
Kikubaaqudgha
Makhleb
Nemelex Xobeh
Okawaru
Qazlal
Ru
Sif Muna
Trog
Vehumet
Xom
Yredelemnul
Zin
The Shining One

Shops:
D:6 *

Annotations:
D:9 Gastronok
Lair:3 more


Innate Abilities, Weirdness & Mutations

You cannot wear most types of armour.
You are amphibious.
You can wear up to eight rings at the same time.
You can use your tentacles to constrict eight enemies at once.
Your skin changes colour to match your surroundings (Stealth).
Your rubbery body absorbs attacks (AC +1).


Message History

The floor.
Unknown command.
Unknown command.
Evoke which item? (* to show all) (? for menu, Esc to quit)
Okay, then.
Evoke which item? (* to show all) (? for menu, Esc to quit)
Zapping:
G - a wand of teleportation (will waste charges)
Press: ? - help, Shift-Dir - straight line, f - you, p - six-headed hydra You feel strangely unstable.
Evoking this partially-identified wand wasted a few charges.
The six-headed hydra bites you!
The six-headed hydra bites you but does no damage.
The six-headed hydra bites you! x2
* * * LOW HITPOINT WARNING * * *
The six-headed hydra bites you.
* * * LOW HITPOINT WARNING * * *
The six-headed hydra barely misses you.
The six-headed hydra completely misses you.
The six-headed hydra bites you!
You die...

....P##......#.#.P##
..................P#
>.........##.......#
.....#.....###....##
.#.#≈#....###.....###
##.#.≈..........P.#.##
###.≈≈≈≈...#.........##
...≈≈≈≈≈≈≈............##
.P.≈≈≈≈≈.......P@D...#.#
#..≈≈≈≈≈.<.....###.#####
...≈≈≈≈≈≈.......####
....≈≈≈≈≈......##
#...≈≈≈≈≈≈.##.##
#.#..≈≈÷≈≈.####
#.....÷≈...#
...........#
...........##


You could see a six-headed hydra.

Vanquished Creatures
  A minotaur (Lab)
  2 hydras (Lair:4)
  Erica (D:9)
  A griffon (Lair:2)
  A siren (Lair:4)
  5 elephants
  A torpor snail (Lair:4)
  A black mamba (Lair:2)
  4 komodo dragons
  2 spiny frogs
  A demonic crawler (Lair:4)
  A fire drake (Lair:5)
  A troll (D:9)
  Prince Ribbit (D:5)
  12 blink frogs
  A deep elf mage (D:9)
  A shadow (Lab)
  A wyvern (D:9)
  34 yaks
  A steam dragon (D:9)
  9 wolves
  4 hippogriffs
  An ice beast (D:5)
  2 soldier ants (D:8)
  9 water moccasins
  3 orc warriors
  9 porcupines
  8 necrophages
  2 phantoms
  6 centaurs
  2 sky beasts (D:9)
  7 crocodiles
  6 ogres
  Blork the orc (D:4)
  An elf zombie (Ossuary)
  16 giant frogs
  4 scorpions
  A wyvern skeleton (D:6)
  5 killer bees
  A troll skeleton (Lab)
  3 wights (D:9)
  4 crimson imps
  2 centaur zombies (Ossuary)
  2 giant frog zombies
  3 hounds
  2 human zombies (Ossuary)
  A goliath beetle (Lair:5)
  7 orc wizards
  2 orc priests
  Ijyb (D:1)
  2 centaur skeletons
  7 worker ants
  6 iguanas
  3 sheep (Lair:2)
  3 big kobold zombies (Ossuary)
  An ogre skeleton (Lab)
  3 mummies
  21 adders
  8 gnolls
  11 river rats
  12 white imps (Lair:1)
  2 oozes (D:3)
  2 adder skeletons
  An adder zombie (Ossuary)
  3 worms (D:2)
  7 giant geckos
  25 orcs
  23 bats
  A bat zombie (D:5)
  11 hobgoblins
  7 kobolds
  7 quokkas
  A ball python (D:2)
  7 giant cockroaches
  8 giant newts
  5 giant spores
  11 goblins
  A goblin zombie (Ossuary)
  12 hobgoblin zombies (Ossuary)
  13 jackals
  A jackal skeleton (D:6)
  7 kobold zombies (Ossuary)
  7 orc zombies (Ossuary)
  A quokka skeleton (D:6)
  13 rats
  A rat zombie (Ossuary)
  14 ballistomycetes
465 creatures vanquished.

Vanquished Creatures (collateral kills)
  4 elephants
  A crocodile (Lair:4)
  4 wolves (Lair:4)
  An iguana (Lair:4)
  A sheep (Lair:4)
11 creatures vanquished.

Vanquished Creatures (others)
  3 elephant zombies (Lair:4)
  A centaur (D:8)
  A killer bee (D:7)
  2 yak zombies (Lair:4)
  3 wolf zombies
  An orc (D:8)
  11 fungi
22 creatures vanquished.

Grand Total: 498 creatures vanquished

Notes
Turn   | Place    | Note
--------------------------------------------------------------
     0 | D:1      | Fusha, the Octopode Wizard, began the quest for the Orb.
     0 | D:1      | Reached XP level 1. HP: 11/11 MP: 4/4
   218 | D:1      | Reached XP level 2. HP: 17/17 MP: 4/6
   222 | D:1      | Learned a level 2 spell: Repel Missiles
   225 | D:1      | Learned a level 2 spell: Blink
   692 | D:1      | Reached XP level 3. HP: 17/21 MP: 1/7
   705 | D:1      | Learned a level 3 spell: Mephitic Cloud
  1113 | D:2      | Reached skill level 1 in Air Magic
  1560 | D:2      | Reached XP level 4. HP: 15/27 MP: 0/9
  1855 | D:2      | Noticed Ijyb
  2111 | D:1      | Killed Ijyb
  2111 | D:1      | Reached skill level 1 in Poison Magic
  2202 | D:2      | Reached XP level 5. HP: 26/31 MP: 6/10
  3346 | D:3      | Learned a level 3 spell: Conjure Flame
  3744 | D:3      | Reached XP level 6. HP: 36/36 MP: 7/11
  3940 | D:3      | Noticed an ogre
  3951 | D:3      | Killed an ogre
  3951 | D:3      | Reached skill level 4 in Stealth
  4465 | D:4      | Noticed Blork the orc
  4483 | D:4      | Killed Blork the orc
  4483 | D:4      | Reached XP level 7. HP: 41/41 MP: 5/13
  5260 | D:5      | Entered Level 5 of the Dungeon
  5298 | D:5      | Noticed Prince Ribbit
  5738 | D:5      | Reached skill level 5 in Stealth
  5738 | D:5      | Reached XP level 8. HP: 30/46 MP: 7/14
  6066 | D:5      | Killed Prince Ribbit
  6066 | D:5      | Reached skill level 5 in Conjurations
  6344 | D:6      | Found a glowing drain.
  6349 | Sewer    | Entered a sewer
  6788 | D:6      | Found a staircase to the Ecumenical Temple.
  7043 | D:6      | Found Vybroux's Hallowed Reliquary.
  7044 | D:6      | Found a glowing golden altar of the Shining One.
  7044 | D:6      | Noticed an angel
  7050 | D:6      | Bought a potion of curing for 42 gold pieces
  7050 | D:6      | Bought a potion of heal wounds for 70 gold pieces
  7084 | D:6      | Found a shimmering altar of Xom.
  7192 | Temple   | Entered the Ecumenical Temple
  7287 | Temple   | Became a worshipper of Sif Muna the Loreminder
  7375 | D:6      | Reached skill level 1 in Charms
  7626 | D:6      | Reached skill level 6 in Stealth
  7814 | D:6      | Reached XP level 9. HP: 45/51 MP: 16/16
  8061 | D:6      | Reached skill level 5 in Spellcasting
  8433 | D:7      | Acquired Sif Muna's first power
  8573 | D:7      | Learned a level 4 spell: Airstrike
  8879 | D:7      | Reached skill level 5 in Poison Magic
  9064 | D:8      | Found a sand-covered staircase.
  9069 | Ossuary  | Entered an ossuary
  9514 | Ossuary  | Reached skill level 1 in Invocations
  9908 | D:8      | Found a basalt altar of Yredelemnul.
 10056 | D:8      | Reached skill level 5 in Dodging
 10056 | D:8      | Reached skill level 5 in Air Magic
 10797 | D:8      | Got a steaming jade ring
 10798 | D:8      | Identified the ring "Uwuja" {rN+ Str+5 Int-4 SInv} (You found it on level 8 of the Dungeon)
 11103 | D:8      | Acquired Sif Muna's second power
 11236 | D:9      | Reached XP level 10. HP: 42/56 MP: 11/18
 11238 | D:9      | Reached skill level 7 in Stealth
 11347 | D:9      | Found a staircase to the Lair.
 11454 | D:9      | Noticed Gastronok
 12157 | D:9      | Got an uncursed ivory quarterstaff {flame}
 12162 | D:9      | Identified the +5 quarterstaff "Viekom" {flame, Int+4} (You took it off a centaur on level 9 of the Dungeon)
 12502 | D:9      | Reached skill level 5 in Charms
 12739 | D:9      | Reached skill level 1 in Staves
 13634 | D:9      | Reached skill level 8 in Stealth
 14145 | D:9      | Learned a level 6 spell: Deflect Missiles
 14182 | D:9      | Noticed Erica
 14196 | D:9      | Killed Erica
 14196 | D:9      | Reached XP level 11. HP: 53/61 MP: 15/20
 15711 | Lair:1   | Entered Level 1 of the Lair of Beasts
 16004 | Lair:1   | Acquired Sif Muna's third power
 16161 | Lair:1   | Found a frozen archway.
 16171 | IceCv    | Entered an ice cave
 17081 | Lair:1   | Reached skill level 9 in Stealth
 18401 | Lair:1   | HP: 3/61 [porcupine (7)]
 19491 | Lair:2   | Reached XP level 12. HP: 59/66 MP: 13/22
 21062 | Lair:4   | Found a staircase to the Shoals.
 21269 | Lair:3   | Noticed a five-headed hydra
 21576 | Lair:4   | Noticed a five-headed hydra
 21897 | Lair:4   | Reached skill level 10 in Stealth
 21950 | Lair:4   | Noticed a six-headed hydra
 21959 | Lair:4   | Killed a six-headed hydra
 22441 | Lair:4   | Reached skill level 1 in Evocations
 22898 | Lair:4   | Killed a five-headed hydra
 23213 | Lair:4   | Received a gift from Sif Muna
 23214 | Lair:4   | Identified Iskenderun's Papyrus of Combat Magic {god gift} (Sif Muna gifted it to you on level 4 of the Lair of Beasts)
 23221 | Lair:4   | Learned a level 4 spell: Animate Dead
 23713 | Lair:4   | Reached skill level 5 in Staves
 24839 | Lair:4   | Reached XP level 13. HP: 35/71 MP: 5/24
 25680 | Lair:2   | Reached skill level 10 in Air Magic
 26422 | Lair:3   | Noticed an eight-headed hydra
 26581 | Lair:5   | Found a labyrinth entrance.
 26592 | Lab      | Entered a labyrinth
 27083 | Lab      | Noticed a minotaur
 27107 | Lab      | Killed a minotaur
 27111 | Lab      | Got a warped long sword
 27112 | Lab      | Identified the +2 long sword "Nugril" {holy, Noisy SInv Stlth+} (You took it off a minotaur in a labyrinth)
 27227 | Lab      | Got a faintly glowing blowgun
 27228 | Lab      | Identified the cursed +1 blowgun of Vajuki {evade, MR+++ Str-5 SInv} (You found it in a labyrinth)
 27549 | Lair:5   | Reached skill level 11 in Stealth
 28116 | Lair:5   | Mangled by a six-headed hydra

Action                   |  1- 3 |  4- 6 |  7- 9 | 10-12 | 13-15 || total
-------------------------+-------+-------+-------+-------+-------++-------
Melee: Unarmed           |    57 |    67 |       |       |       ||   124
       Whip              |       |    20 |   293 |    47 |       ||   360
       Quarterstaff      |       |       |       |   376 |    95 ||   471
 Cast: Magic Dart        |    76 |   130 |   214 |   610 |    45 ||  1075
       Mephitic Cloud    |       |     4 |    13 |    96 |    25 ||   138
       Conjure Flame     |       |     3 |     8 |    16 |     1 ||    28
       Blink             |       |     1 |     2 |    40 |    14 ||    57
       Repel Missiles    |       |       |     1 |     3 |       ||     4
       Airstrike         |       |       |       |    47 |    47 ||    94
       Animate Dead      |       |       |       |     3 |     2 ||     5
       Deflect Missiles  |       |       |       |     1 |       ||     1
Invok: Channel Energy    |       |       |       |     3 |     9 ||    12
 Abil: Evoke Flight      |       |       |     1 |       |       ||     1
Evoke: Wand              |       |       |       |    12 |    11 ||    23
  Use: Scroll            |       |    11 |     6 |     8 |     4 ||    29
       Potion            |       |     1 |     2 |     7 |       ||    10
 Stab: Sleeping          |     4 |     3 |    13 |     2 |     1 ||    23
       Confused          |       |     4 |     3 |    14 |     7 ||    28
       Distracted        |       |       |       |       |     1 ||     1
  Eat: Bread ration      |     1 |     1 |       |       |     2 ||     4
       Meat ration       |       |     1 |     3 |     2 |       ||     6
       Pizza             |       |     1 |       |       |       ||     1
       Royal jelly       |       |       |     1 |     9 |       ||    10
       Beef jerky        |       |       |     1 |     7 |       ||     8
       Fruit             |       |       |       |    11 |     5 ||    16
